 Dungeon Crawl Stone Soup version 0.29-a0-563-g64e4043184 (webtiles) character file.

Game seed: 17379803514279169417

67 spaghetti the Digger (level 4, 0/32 HPs)
             Began as a Gnoll Earth Elementalist on June 12, 2022.
             Was a Follower of the Shining One.
             Succumbed to a scorpion's poison
             ... on level 4 of the Dungeon.
             The game lasted 00:03:42 (2133 turns).

spaghetti the Digger (Gnoll Earth Elementalist)     Turns: 2133, Time: 00:03:43

Health: 0/32       AC:  3    Str: 13    XL:     4   Next: 16%
Magic:  8/11       EV: 13    Int: 16    God:    the Shining One [*.....]
Gold:   162        SH:  0    Dex: 13    Spells: 6/13 levels left

rFire   . . .      SeeInvis .     - Unarmed
rCold   . . .      Faith    .   (no shield)
rNeg    . . .      Spirit   .   a - +0 robe
rPois   .          Reflect  .   (no helmet)
rElec   .          Harm     .   (no cloak)
rCorr   .          Rampage  .   i - +0 pair of gloves
Will    .....                   (no boots)
Stlth   +.........              (no amulet)
HPRegen 0.10/turn               j - +6 ring of strength
MPRegen 0.12/turn               (no ring)

@: lethally poisoned (0 -> -10), glowing
A: fangs 1, strong nose, distributed training
a: Renounce Religion, Divine Shield


You were on level 4 of the Dungeon.
You worshipped the Shining One.
The Shining One was aware of your devotion.
You visited 1 branch of the dungeon, and saw 4 of its levels.

You collected 162 gold pieces.


Innate Abilities, Weirdness & Mutations

You have very sharp teeth.
Your uncanny sense of smell can sniff out nearby items.
Your experience applies equally to all skills.


   Skills:
 + Level 1.0 Fighting
 + Level 1.0 Short Blades
 + Level 1.0 Long Blades
 + Level 1.0 Axes
 + Level 1.0 Maces & Flails
 + Level 1.0 Polearms
 + Level 1.0 Staves
 + Level 1.0 Slings
 + Level 1.0 Bows
 + Level 1.0 Crossbows
 + Level 1.0 Throwing
 + Level 1.0 Armour
 + Level 4.6 Dodging
 + Level 4.2 Stealth
 + Level 1.0 Shields
 + Level 1.0 Unarmed Combat
 + Level 5.0 Spellcasting
 + Level 0.8 Conjurations
 + Level 0.8 Hexes
 + Level 0.8 Summonings
 + Level 0.8 Necromancy
 + Level 0.8 Translocations
 + Level 2.2 Transmutations
 + Level 0.8 Fire Magic
 + Level 0.8 Ice Magic
 + Level 0.8 Air Magic
 + Level 5.4 Earth Magic
 + Level 0.8 Poison Magic
 + Level 1.1 Invocations
 + Level 1.0 Evocations


You had 6 spell levels left.
You knew the following spells:

 Your Spells              Type           Power      Damage    Failure   Level
a - Sandblast             Erth           42%        2d11      1%          1
b - Stone Arrow           Conj/Erth      28%        3d8       13%         3
c - Spider Form           Tmut/Pois      8%         N/A       24%         3

Your spell library contained the following spells:

 Spells                   Type           Power      Damage    Failure   Level
 Passwall                 Tmut/Erth      13%        N/A       4%          2
 Foxfire                  Conj/Fire      24%        2x1d5     11%         1
 Ensorcelled Hibernation  Hex/Ice        12%        N/A       16%         2
 Petrify                  Tmut/Erth      16%        N/A       30%         4
 Confusing Touch          Hex            6%         N/A       32%         3
 Conjure Flame            Conj/Fire      6%         6-21      32%         3
 Inner Flame              Hex/Fire       6%         N/A       32%         3
 Anguish                  Hex/Necr       3%         N/A       71%         4
 Flame Wave               Conj/Fire      6%         2d5       71%         4
 Yara's Violent Unravell  Hex/Tmut       4%         3d4       92%         5
 Enfeeble                 Hex            3%         N/A       100%        7

Inventory:

Hand Weapons
 e - a +0 club {mace}
   (You found it on level 1 of the Dungeon)
 f - a +0 short sword {short}
   (You found it on level 1 of the Dungeon)
 m - a +0 club {mace}
   (You found it on level 1 of the Dungeon)
 p - a +0 club {mace}
   (You took it off a goblin on level 1 of the Dungeon)
 q - a +0 club {mace}
   (You took it off a goblin on level 2 of the Dungeon)
 s - a +0 dagger {short}
   (You found it on level 2 of the Dungeon)
 t - a +0 short sword {short}
   (You found it on level 2 of the Dungeon)
 u - a +2 mace of protection {mace}
   (You found it on level 3 of the Dungeon)
 w - a +0 hand axe {axe}
   (You took it off an orc on level 3 of the Dungeon)
 y - a +0 whip {mace}
   (You found it on level 3 of the Dungeon)
 B - a +0 dagger {short}
   (You took it off a goblin on level 3 of the Dungeon)
Missiles
 c - 4 poisoned darts {throwing}
 z - 51 stones {throwing}
Armour
 a - a +0 robe (worn)
 d - a scarf of harm
   (You found it on level 1 of the Dungeon)
 i - a +0 pair of gloves (worn)
   (You found it on level 1 of the Dungeon)
Magical Staves
 x - a staff of air {!astaff}
   (You found it on level 3 of the Dungeon)
Jewellery
 j - a +6 ring of strength (left hand)
   (You found it on level 1 of the Dungeon)
 v - a ring of fire
   (You found it on level 3 of the Dungeon)
Scrolls
 g - a scroll of enchant armour {unknown}
 h - 3 scrolls of identify {unknown}
 l - a scroll of amnesia {unknown}
 n - a scroll of magic mapping {unknown}
 o - a scroll of immolation {unknown}
 r - a scroll of brand weapon {unknown}
 C - a scroll of teleportation {unknown}
Potions
 b - a potion of magic
 k - a potion of might {unknown}
 A - a potion of resistance {unknown}

Dungeon Overview and Level Annotations

Branches:
Dungeon (4/15)
 Temple: D:4-7

Altars:
The Shining One

Annotations:
D:2 Terence

##..?.......##
.........#...
..?.........#
............# #
...$........ .##
..........# ...#
.......l..#....#
.......s.@....#
...........####
...........#
...........#
...........#
..........##
.........##
........##


You could see a scorpion and an iguana.


Message History

😎 MP[+1]
Your mp is fully restored (11).
An endoplasm is nearby!
An endoplasm is nearby!
An endoplasm is nearby!
Casting: Sandblast (safe; 1% risk of failure)
Confirm with . or Enter, or press ? or * to list all spells.
Aiming: Sandblast (safe; 1% risk of failure)
Press: ? - help, Shift-Dir - straight line, f - endoplasm
Aim: an endoplasm (asleep, 100% to hit)
The blast of sand hits the endoplasm.
The endoplasm quivers. 😎 MP[-1]
You lost 1 mp, and now have 10/11 mp.
Casting: Sandblast (safe; 1% risk of failure)
Confirm with . or Enter, or press ? or * to list all spells.
Aiming: Sandblast (safe; 1% risk of failure)
Press: ? - help, Shift-Dir - straight line, f/p - endoplasm
Aim: an endoplasm (heavily wounded, haloed, 99% to hit)
The blast of sand hits the endoplasm.
You kill the endoplasm! 😎 MP[-1]
You lost 1 mp, and now have 9/11 mp.
You pick up a book of Misfortune and begin reading...
You add the spells Confusing Touch, Yara's Violent Unravelling and Enfeeble to your library. 😎 MP[+2]
Your mp is fully restored (11).
Key pressed, stopping explore.
Key pressed, stopping explore.
Done exploring.
Unknown command.
Okay, then.
This spell is quite dangerous to cast!
Memorise Spider Form, consuming 3 spell levels and leaving 6?
You start memorising the spell.
You continue memorising. x3
You finish memorising.
Spell assigned to 'c'.
Done exploring.
Done exploring.
Done exploring.
Done exploring.
Done exploring.
(D) Dungeon
Where to? (Enter - D:2, ? - help)
There is a stone staircase leading down here.
You climb downwards.
The iguana hisses angrily.
There is a stone staircase leading up here.
There are monsters nearby!
Unknown command.
Unknown command.
Casting: Sandblast (safe; 1% risk of failure)
Confirm with . or Enter, or press ? or * to list all spells.
You can't see any susceptible monsters within range! (Use Z to cast anyway.)
Casting: Sandblast (safe; 1% risk of failure)
Confirm with . or Enter, or press ? or * to list all spells.
You can't see any susceptible monsters within range! (Use Z to cast anyway.)
Casting: Sandblast (safe; 1% risk of failure)
Confirm with . or Enter, or press ? or * to list all spells.
You can't see any susceptible monsters within range! (Use Z to cast anyway.) Unknown command.
Casting: Sandblast (safe; 1% risk of failure)
Confirm with . or Enter, or press ? or * to list all spells.
Aiming: Sandblast (safe; 1% risk of failure)
Press: ? - help, Shift-Dir - straight line, f - scorpion
Aim: a scorpion (81% to hit)
The blast of sand misses the scorpion. 😎 MP[-1]
You lost 1 mp, and now have 10/11 mp.
Casting: Sandblast (safe; 1% risk of failure)
Confirm with . or Enter, or press ? or * to list all spells.
Aiming: Sandblast (safe; 1% risk of failure)
Press: ? - help, Shift-Dir - straight line, f/p - scorpion
Aim: a scorpion (haloed, 85% to hit)
The blast of sand hits the scorpion.
The scorpion closely misses you. The scorpion barely misses you.
The scorpion closely misses you. The iguana barely misses you. 😎 MP[-1]
You lost 1 mp, and now have 9/11 mp.
Casting: Sandblast (safe; 1% risk of failure)
Confirm with . or Enter, or press ? or * to list all spells.
Aiming: Sandblast (safe; 1% risk of failure)
Press: ? - help, Shift-Dir - straight line, f/p - scorpion
Aim: a scorpion (lightly wounded, haloed, 85% to hit)
The blast of sand hits the scorpion but does no damage.
The scorpion closely misses you. The iguana bites you! The scorpion stings you.
You are poisoned.
The scorpion poisons you! The iguana bites you.
* * * LOW HITPOINT WARNING * * *
😨 HP[-16] MP[-1]
You take 16 damage, and now have 16/32 hp.
MASSIVE DAMAGE!! (PAUSE)
You lost 1 mp, and now have 8/11 mp.
The iguana attacks as you move away! The iguana barely misses you.
* * * LOW HITPOINT WARNING * * *
You feel very sick. 😨 HP[-3]
You take 3 damage, and now have 13/32 hp.
The iguana attacks as you move away! The iguana bites you!
* * * LOW HITPOINT WARNING * * *
You die...

Skill      XL: |  1  2  3 |
---------------+----------+-----
Transmutations | 2 |  2.2
Spellcasting   | 5 |  5.0
Invocations    | 1 |  1.1
Fighting       | 1 |  1.0
Short Blades   | 1 |  1.0
Long Blades    | 1 |  1.0
Axes           | 1 |  1.0
Maces & Flails | 1 |  1.0
Polearms       | 1 |  1.0
Staves         | 1 |  1.0
Slings         | 1 |  1.0
Bows           | 1 |  1.0
Crossbows      | 1 |  1.0
Throwing       | 1 |  1.0
Armour         | 1 |  1.0
Shields        | 1 |  1.0
Unarmed Combat | 1 |  1.0
Evocations     | 1 |  1.0
Dodging        | |  4.6
Stealth        | |  4.2
Conjurations   | |  0.8
Hexes          | |  0.8
Summonings     | |  0.8
Necromancy     | |  0.8
Translocations | |  0.8
Fire Magic     | |  0.8
Ice Magic      | |  0.8
Air Magic      | |  0.8
Earth Magic    | |  5.4
Poison Magic   | |  0.8

Action                   |  1- 3 |  4- 6 || total
-------------------------+-------+-------++-------
Melee: Unarmed           |       |     3 ||     3
       Bite              |       |     2 ||     2
 Cast: Sandblast         |    32 |    12 ||    44
Armor: Robe              |     1 |       ||     1
Dodge: Dodged            |     6 |    11 ||    17

Levels and vault maps discovered:
D:1:      ncdulo_wetmaze, layout_basic, hellmonk_ecumenical_altar_lost_god
D:2:      layout_basic, kennysheep_minor_cross, kennysheep_generic_room_7,
          uniq_terence
D:3:      layout_loops_ring, solitary_fountain
D:4:      layout_cave_pools, minivault_4, uniq_pikel

Notes
Turn   | Place    | Note
-------+----------+-------------------------------------------
     0 | D:1      | spaghetti the Gnoll Earth Elementalist began the quest for
                  | the Orb.
     0 | D:1      | Reached XP level 1. HP: 13/13 MP: 6/6
     0 | D:1      | magus.rc [v1.9.6]
   119 | D:1      | Found a faded altar of an unknown god.
   151 | D:1      | Prayed at the altar of an unknown god.
   151 | D:1      | Became a worshipper of the Shining One
   151 | D:1      | Reached * piety under the Shining One
   269 | D:1      | Reached skill level 2 in Transmutations
   272 | D:1      | Reached XP level 2. HP: 15/19 MP: 3/7
   778 | D:1      | Reached XP level 3. HP: 11/25 MP: 6/9
   947 | D:1      | Learned a level 3 spell: Stone Arrow
  1119 | D:1      | Reached skill level 5 in Spellcasting
  1445 | D:2      | Reached skill level 1 in Invocations
  1474 | D:2      | Noticed Terence
  1485 | D:3      | Reached skill level 1 in Fighting
  1485 | D:3      | Reached skill level 1 in Short Blades
  1485 | D:3      | Reached skill level 1 in Long Blades
  1485 | D:3      | Reached skill level 1 in Axes
  1485 | D:3      | Reached skill level 1 in Maces & Flails
  1485 | D:3      | Reached skill level 1 in Polearms
  1485 | D:3      | Reached skill level 1 in Staves
  1485 | D:3      | Reached skill level 1 in Slings
  1485 | D:3      | Reached skill level 1 in Bows
  1485 | D:3      | Reached skill level 1 in Crossbows
  1485 | D:3      | Reached skill level 1 in Throwing
  1485 | D:3      | Reached skill level 1 in Armour
  1485 | D:3      | Reached skill level 1 in Shields
  1485 | D:3      | Reached skill level 1 in Unarmed Combat
  1485 | D:3      | Reached skill level 1 in Evocations
  1535 | D:3      | You pick up a book of Flames and begin reading...
  1535 | D:3      | You add the spells Foxfire, Conjure Flame, Inner Flame and
                  | Flame Wave to your library.
  1541 | D:3      | You pick up a book of Dreams and begin reading...
  1541 | D:3      | You add the spells Ensorcelled Hibernation, Spider Form and
                  | Anguish to your library.
  1590 | D:3      | Reached XP level 4. HP: 32/32 MP: 9/11
  2024 | D:3      | You pick up a book of Misfortune and begin reading...
  2024 | D:3      | You add the spells Confusing Touch, Yara's Violent
                  | Unravelling and Enfeeble to your library.
  2100 | D:3      | Learned a level 3 spell: Spider Form
  2126 | D:4      | Noticed a scorpion
  2133 | D:4      | HP: 3/32 [iguana (10)]
  2133 | D:4      | Succumbed to a scorpion's poison

Vanquished Creatures
  2 adders
  A worm (D:3)
  5 dart slugs
  An orc (D:3)
  6 endoplasms
  3 goblins
  3 hobgoblins
  3 quokkas
  A ball python (D:1)
  2 bats (D:1)
  4 frilled lizards
  4 rats
35 creatures vanquished.

Table legend:
 A = Non-vault XP
 B = Vault XP
 C = Vault XP percentage of total XP
 D = Non-vault monster count
 E = Vault monster count
 F = Vault count percentage of total count
                 A         B        C        D         E       F
            +---------+---------+-------+---------+---------+-------
      Total |      96 |       0 |   0.0 |      35 |       0 |   0.0
            +---------+---------+-------+---------+---------+-------
        D:1 |      39 |       0 |   0.0 |      19 |       0 |   0.0
        D:2 |      18 |       0 |   0.0 |       4 |       0 |   0.0
        D:3 |      39 |       0 |   0.0 |      12 |       0 |   0.0
            +---------+---------+-------+---------+---------+-------

Illustrated notes

Table legend:
 A = Kills in this place as a percentage of kills in entire the game.
 B = Kills by you in this place as a percentage of kills by you in the entire game.
 C = Kills by friends in this place as a percentage of kills by friends in the entire game.
 D = Other kills in this place as a percentage of other kills in the entire game.
 E = Experience gained in this place as a percentage of experience gained in the entire game.
 F = Experience gained in this place divided by the number of levels of this place that you have seen.
                   A       B       C       D       E      F
               +-------+-------+-------+-------+-------+----------------------
         Total | 100.0 | 100.0 |   N/A |   N/A | 100.0 |  24.0
       Dungeon | 100.0 | 100.0 |   N/A |   N/A | 100.0 |  24.0
               +-------+-------+-------+-------+-------+----------------------

Table legend: (Time is in decaauts)
 A = Elapsed time spent in this place.
 B = Non-inter-level travel time spent in this place.
 C = Inter-level travel time spent in this place.
 D = Time resting spent in this place.
 E = Time spent auto-exploring this place.
 F = Levels seen in this place.
 G = Mean time per level.
                   A        B        C        D        E       F      G
               +--------+--------+--------+--------+--------+-----+--------+
         Total |   2188 |   2141 |     47 |    186 |   1691 |   4 |  547.0 |
       Dungeon |   2188 |   2141 |     47 |    186 |   1691 |   4 |  547.0 |
               +--------+--------+--------+--------+--------+-----+--------+

Top non-repeatable levels by time:
     D:1: 1356 daAuts
     D:3: 660 daAuts
     D:2: 161 daAuts
     D:4: 9 daAuts
